 Dungeon Crawl Stone Soup version 0.31.0-12-g77e489cdc1 (webtiles) character file.

Game seed: 4912058150293768793

4711 spaghetti the Fighter (level 10, 0/120 HPs)
             Began as an Oni Ice Elementalist on Mar 3, 2024.
             Was an Initiate of Gozag.
             Slain by a two-headed ogre
             ... wielding a +0 giant club
              (21 damage)
             ... on level 9 of the Dungeon.
             The game lasted 00:16:00 (11426 turns).

spaghetti the Fighter (Oni Ice Elementalist)       Turns: 11426, Time: 00:16:01

Health: 0/120      AC: 10    Str: 17    XL:     10   Next: 45%
Magic:  5/24       EV: 10    Int: 18    God:    Gozag
Gold:   159        SH:  0    Dex: 12    Spells: 0/29 levels left

rFire   . . .        h - +0 whip (elec)
rCold   + . .        (no shield)
rNeg    . . .        a - +0 robe
rPois   .            (helmet restricted)
rElec   .            (no cloak)
rCorr   .            (gloves unavailable)
SInv    .            (boots unavailable)
Will    +....        u - amulet of faith
Stlth   ++           m - ring of flight
HPRegen 0.40/turn    (no ring)
MPRegen 0.19/turn

%: faith
@: ice-armoured, gold aura, freezing walls, flying
A: large, unfitting armour, horns 1, tough skin 1, double potion healing,
drunken brawling, iridescent scales 1, agile 1, cold resistance 1, deformed
body, strong 1
a: Renounce Religion, Potion Petition, Call Merchant, Bribe Branch


You were on level 9 of the Dungeon.
You worshipped Gozag.
Gozag was aware of your devotion.
You visited 2 branches of the dungeon, and saw 10 of its levels.

You collected 503 gold pieces.
You spent 180 gold pieces at shops.
You paid 164 gold pieces to Gozag.

Inventory:

Hand Weapons
 d - a +0 lajatang
 f - a +1 giant spiked club
 h - a +0 whip of electrocution (weapon)
Armour
 a - a +0 robe (worn)
Jewellery
 m - a ring of flight (left hand)
 q - an amulet of guardian spirit
 u - an amulet of faith (around neck)
Wands
 s - a wand of iceblast (5)
Scrolls
 g - 2 scrolls of fog
 i - a scroll of blinking
 j - 5 scrolls of teleportation
 k - a scroll of poison
 n - a scroll of torment
 o - 2 scrolls of amnesia
 r - 2 scrolls of revelation
Potions
 b - a potion of magic
 c - 2 potions of lignification
 e - 2 potions of attraction
 l - a potion of curing
 p - a potion of haste
 t - a potion of might


   Skills:
 + Level 13.7 Fighting
 - Level 1.7 Dodging
 - Level 1.4 Stealth
 + Level 10.0 Spellcasting
 + Level 5.0 Summonings
 - Level 3.6 Ice Magic


You couldn't memorise any spells.
You knew the following spells:

 Your Spells              Type           Power      Damage    Failure   Level
a - Freeze                Ice            88%        1d9       1%          1
b - Frozen Ramparts       Ice            44%        1d7       5%          3
c - Ozocubu's Armour      Ice            22%        N/A       5%          3
d - Summon Ice Beast      Ice/Summ       24%        N/A       4%          3
e - Call Imp              Summ           54%        N/A       1%          2
f - Summon Hydra          Summ           13%        N/A       100%        7
g - Animate Armour        Summ/Erth      36%        N/A       28%         4
h - Summon Cactus Giant   Summ           13%        N/A       83%         6

Your spell library contained the following spells:

 Spells                   Type           Power      Damage    Failure   Level
 Apportation              Tloc           18%        N/A       8%          1
 Magic Dart               Conj           36%        1d4       8%          1
 Blink                    Tloc           18%        N/A       12%         2
 Jinxbite                 Hex            18%        N/A       12%         2
 Scorch                   Fire           18%        2d5       12%         2
 Sublimation of Blood     Necr           9%         N/A       12%         2
 Hailstorm                Conj/Ice       15%        3d6       12%         3
 Dazzling Flash           Conj/Hex       18%        N/A       24%         3
 Inner Flame              Hex/Fire       9%         N/A       24%         3
 Mephitic Cloud           Conj/Alch/Air  9%         N/A       24%         3
 Stone Arrow              Conj/Erth      18%        3d8       24%         3
 Flame Wave               Conj/Fire      9%         2d6       61%         4
 Sticky Flame             Fire/Alch      9%         2d5       61%         4
 Alistair's Intoxication  Alch           6%         N/A       91%         5
 Curse of Agony           Necr           9%         N/A       91%         5
 Silence                  Hex/Air        4%         N/A       91%         5
 Lehudib's Crystal Spear  Conj/Erth      4%         10d3      100%        8


Dungeon Overview and Level Annotations

Branches:
Dungeon (9/15)             Temple (1/1) D:4            Lair (0/5) D:8
    Orc (0/2) D:9

Altars:
Ashenzari
Cheibriados
Dithmenos
Elyvilon
Fedhas
Gozag
Hepliaklqana
Kikubaaqudgha
Makhleb
Nemelex Xobeh
Okawaru
Ru
Trog
Uskayaw
Vehumet
Wu Jian
Yredelemnul
Zin
The Shining One

Shops:
D:5 (:((   D:8 [

Annotations:
D:7 3 runed translucent doors, monsoonserge's ghost, novice GnSh


Innate Abilities, Weirdness & Mutations

You are too large for most types of armour.
You have a pair of small horns on your head.
You have tough skin. (AC +1)
You gain doubled healing and magic from potions.
Whenever you drink a healing potion, you attack all around you.
You are partially covered in iridescent scales. (AC +2)
You are agile. (Dex +4, Str/Int -1)
Your flesh is cold resistant. (rC+)
Armour fits poorly on your strangely shaped body.
Your muscles are strong. (Str +4, Int/Dex -1)


Message History

The orc dies!
Your cerulean imp hits the two-headed ogre but does no damage.
The heat melts your icy armour.
Unknown command.
Casting: Ozocubu's Armour (mildly dangerous; 5% risk of failure)
Confirm with . or Enter, or press ? or * to list all spells.
Casting: Frozen Ramparts (mildly dangerous; 5% risk of failure)
Press: ? - help, Dir - look around, f - activate The walls around you are covered in ice.
The wall freezes something.
You hear some strange, mumbled words.
A puff of flame appears from out of thin air!
The puff of flame hits you.
* * * LOW HITPOINT WARNING * * *
Your ice beast hits something but does no damage.
Your cerulean imp barely misses the two-headed ogre.
The heat melts your icy armour.
Unknown command.
Okay, then.
Okay, then.
You take a swig of the potion and twirl your +0 whip of electrocution.
You barely miss something. You barely miss the two-headed ogre.
The two-headed ogre is lightly wounded.
You savour every drop.
You feel better.
The wall freezes something.
Reactivating autopickup.
You feel a bit more experienced.
The wall freezes the two-headed ogre.
The two-headed ogre barely misses you. x2
Your cerulean imp hits the two-headed ogre with a -2 spear.
Unknown command.
Unknown command.
You hit the two-headed ogre but do no damage.
Lightning courses through the two-headed ogre!
Your headbutt misses the two-headed ogre.
The two-headed ogre is moderately wounded.
The wall freezes the two-headed ogre.
The two-headed ogre hits you with a +0 giant club!
* * * LOW HITPOINT WARNING * * *
The two-headed ogre hits you with a +0 giant club!!
You die...
Your body crumbles into a pile of gold.

........#
#..$....##
#.........
#.......#
#....>..#
#.......#
#$......#
#Y#####.# #@#
#.# .#######O#
#<# .......5$#
#.########
.#######.#
#....>[...
#.#####.########
#.......#
#.#####.# #.#
#.# #.# #.#


You could see a two-headed ogre (ally target), a friendly ice beast (summoned)
and a friendly cerulean imp (summoned).

Vanquished Creatures
  2 hornets
  2 wyverns (D:8)
  A yak (D:8)
  4 water moccasins
  4 black bears
  An ice beast (D:8)
  2 sky beasts
  An ogre (D:3)
  2 centaurs
  A phantom (D:6)
  A kobold brigand (D:7)
  4 bullfrogs
  3 scorpions
  8 wights (D:6)
  An electric eel (D:8)
  A howler monkey (D:6)
  4 hounds
  A bullfrog skeleton (D:4)
  An orc priest (D:7)
  A sleepcap (D:6)
  An orc wizard (D:9)
  6 iguanas
  A nameless horror (D:9)
  A hound skeleton (D:4)
  A howler monkey zombie (D:4)
  14 gnolls
  9 adders
  2 white imps
  5 adder zombies (D:4)
  6 dart slugs
  A ribbon worm (D:2)
  11 orcs
  4 ball pythons
  2 bats (D:3)
  14 endoplasms
  4 giant cockroaches
  33 goblins
  27 hobgoblins
  3 jackals (D:4)
  4 quokkas
  4 frilled lizards
  A jackal zombie (D:4)
  14 kobolds
  8 rats
221 creatures vanquished.

Vanquished Creatures (collateral kills)
  A two-headed ogre (D:8)
  An orc warrior (D:9)
  An orc (D:9)
3 creatures vanquished.

Vanquished Creatures (others)
  An orc priest (D:9)
1 creature vanquished.

Grand Total: 225 creatures vanquished

Notes
Turn   | Place    | Note
-------+----------+-------------------------------------------
     0 | D:1      | spaghetti the Oni Ice Elementalist began the quest for the
                  | Orb.
     0 | D:1      | Reached XP level 1. HP: 16/16 MP: 3/3
    95 | D:1      | Reached skill level 1 in Fighting
   150 | D:1      | Reached XP level 2. HP: 19/27 MP: 2/5
   350 | D:1      | Reached skill level 2 in Fighting
   430 | D:1      | Reached XP level 3. HP: 17/35 MP: 1/7
   434 | D:1      | Learned a level 3 spell: Frozen Ramparts
   438 | D:1      | Learned a level 3 spell: Ozocubu's Armour
  1636 | D:2      | Reached skill level 3 in Fighting
  1636 | D:2      | Reached XP level 4. HP: 37/45 MP: 9/9
  1697 | D:2      | Found a faded altar of an unknown god.
  2111 | D:2      | Reached skill level 4 in Fighting
  2142 | D:2      | Reached XP level 5. HP: 47/54 MP: 11/11
  2699 | D:3      | Learned a level 3 spell: Summon Ice Beast
  2702 | D:3      | Learned a level 2 spell: Call Imp
  2713 | D:3      | Noticed an ogre
  2719 | D:3      | Killed an ogre
  2720 | D:3      | Reached skill level 5 in Fighting
  2720 | D:3      | Reached skill level 5 in Spellcasting
  2720 | D:3      | Reached XP level 6. HP: 66/66 MP: 11/13
  3702 | D:3      | Reached skill level 6 in Fighting
  3841 | D:4      | Reached XP level 7. HP: 41/76 MP: 0/16
  4290 | D:4      | Reached skill level 7 in Fighting
  4439 | D:4      | Found a staircase to the Ecumenical Temple.
  4659 | D:4      | Gained mutation: Your magical capacity is low. (-10% MP)
                  | [potion of mutation]
  4659 | D:4      | Gained mutation: You have hidden genetic potential. [potion
                  | of mutation]
  4659 | D:4      | Gained mutation: Your flesh is cold resistant. (rC+)
                  | [potion of mutation]
  4659 | D:4      | Gained mutation: You are partially covered in iridescent
                  | scales. (AC +2) [potion of mutation]
  5326 | D:5      | Entered Level 5 of the Dungeon
  5649 | D:5      | Reached XP level 8. HP: 86/88 MP: 16/16
  5655 | D:5      | Found Cuqech's Book Emporium.
  5668 | D:5      | Reached skill level 8 in Fighting
  5668 | D:5      | Found Tuepn's Antique Weapon Shop.
  5668 | D:5      | Found Wolunaos's Weapon Shop.
  5668 | D:5      | Found Ychiv's Antique Weapon Emporium.
  5803 | D:5      | Bought a +0 lajatang for 180 gold pieces
  7009 | D:6      | Gained mutation: Your flesh is very cold resistant. (rC++)
                  | [hidden potential]
  7220 | D:6      | Reached skill level 9 in Fighting
  7730 | D:6      | Reached skill level 10 in Fighting
  7894 | D:6      | Reached XP level 9. HP: 47/96 MP: 9/19
  7902 | D:6      | Learned a level 7 spell: Summon Hydra
  8258 | D:7      | Reached skill level 1 in Summonings
  8263 | D:7      | Learned a level 4 spell: Animate Armour
  8297 | D:7      | Found a runed translucent gate.
  8297 | D:7      | Found a runed translucent gate.
  8297 | D:7      | Found a runed translucent gate.
  8374 | D:7      | Gained mutation: You expend magic power (3 MP) to
                  | strengthen your wands. [hidden potential]
  8374 | D:7      | Lost mutation: You have hidden genetic potential. [hidden
                  | potential expressed]
  8657 | D:7      | Noticed a hornet
  8665 | D:7      | HP: 5/102 [hornet (10)]
  8666 | D:7      | Killed a hornet
  9019 | D:7      | Found a basalt altar of Yredelemnul.
  9026 | D:7      | Reached skill level 11 in Fighting
  9265 | D:7      | Noticed monsoonserge's ghost (novice GnSh)
  9346 | D:8      | Noticed a hornet
  9360 | D:8      | Killed a hornet
  9639 | D:8      | Reached skill level 10 in Spellcasting
  9788 | D:8      | Found a staircase to the Lair.
  9805 | D:8      | Reached skill level 12 in Fighting
  9811 | D:8      | Reached XP level 10. HP: 70/115 MP: 8/21
  9885 | D:8      | Reached skill level 5 in Summonings
 10142 | D:8      | Found a sacrificial altar of Ru.
 10166 | D:8      | Noticed a two-headed ogre
 10628 | D:8      | Killed a two-headed ogre
 10629 | D:8      | Reached skill level 13 in Fighting
 10805 | D:8      | Lost mutation: Your flesh is very cold resistant. (rC++)
                  | [potion of mutation]
 10805 | D:8      | Lost mutation: Your magical capacity is low. (-10% MP)
                  | [potion of mutation]
 10805 | D:8      | Lost mutation: You expend magic power (3 MP) to strengthen
                  | your wands. [potion of mutation]
 10805 | D:8      | Gained mutation: Your muscles are strong. (Str +4, Int/Dex
                  | -1) [potion of mutation]
 10805 | D:8      | Gained mutation: Armour fits poorly on your strangely
                  | shaped body. [potion of mutation]
 10805 | D:8      | Gained mutation: You are agile. (Dex +4, Str/Int -1)
                  | [potion of mutation]
 11140 | D:8      | Found Poupraf's Armour Shoppe.
 11211 | Temple   | Entered the Ecumenical Temple
 11236 | Temple   | Learned a level 6 spell: Summon Cactus Giant
 11252 | Temple   | Became a worshipper of Gozag Ym Sagoz the Greedy
 11367 | D:9      | Found a staircase to the Orcish Mines.
 11417 | D:9      | Noticed a two-headed ogre
 11426 | D:9      | Slain by a two-headed ogre

Illustrated notes

Levels and vault maps discovered:
D:1:      roderic_dead_forest, layout_loops_corners, st_stairs_1
D:2:      layout_basic, ebering_ecumenical_altar_mist
D:3:      minmay_goblin_kobold_castle, layout_basic
D:4:      layout_layer_cave, minmay_temple_entry_steel_oval, serial_undead,
          serial_undead_d, serial_undead_d, serial_undead_c, serial_undead_e
D:5:      layout_cave_pods, serial_co_window_serial, co_window_corner_a,
          co_window_corner_a, co_window_paths_a, co_window_of_opportunity_a,
          co_window_paths_a, co_window_corner_a, co_window_paths_b,
          co_window_cross_2, co_window_2corner, co_window_unsneaky_path_e,
          co_window_of_opportunity_b, co_window_cross_2, glass_columns_b,
          glass_columns_b, glass_columns_b, glass_columns_a, glass_columns_a,
          solitary_fountain, nicolae_wooded_promenade
D:6:      layout_loops_ring, hangedman_abyss_or_decor_lesser_grid
D:7:      layout_basic, kennysheep_little_box, gammafunk_ghost_icy
D:8:      layout_basic, nicolae_ru_sacrificial_ziggurat,
          due_lair_maze_entry_diamond, serial_shops, kennysheep_mini,
          minmay_crystal_water
D:9:      layout_small_grid, led_sif_pool, marbit_many_paths,
          gammafunk_ghost_stat_death, uniq_joseph, uniq_erolcha
Temple:   nicolae_temple_bog_church

Skill      XL: |  1  2  3  4  5  6  7  8  9 10 |
---------------+-------------------------------+-----
Fighting       | 1 2 3 4 5 6 7 10 12 13 | 13.7
Spellcasting   | 3 4 5 6 7 9 10 | 10.0
Summonings     | 4 5 |  5.0
Dodging        | |  1.7
Stealth        | |  1.4
Ice Magic      | |  3.6

Action                     |  1- 3 |  4- 6 |  7- 9 | 10-12 || total
---------------------------+-------+-------+-------+-------++-------
  Melee: Unarmed           |    62 |       |       |       ||    62
         Headbutt          |    19 |    25 |    55 |     8 ||   107
         Whip              |    12 |   162 |   281 |    37 ||   492
         Punch             |       |     3 |     7 |       ||    10
   Cast: Freeze            |    29 |     8 |    41 |    10 ||    88
         Frozen Ramparts   |       |     8 |     8 |     2 ||    18
         Ozocubu's Armour  |       |     2 |     5 |     1 ||     8
         Call Imp          |       |       |       |     9 ||     9
         Summon Ice Beast  |       |       |       |     4 ||     4
         Animate Armour    |       |       |       |     2 ||     2
    Use: Scroll            |       |     7 |     9 |     1 ||    17
         Potion            |       |     2 |     5 |     2 ||     9
   Stab: Sleeping          |     1 |       |     3 |       ||     4
 Armour: Robe              |    64 |   154 |   332 |    64 ||   614
  Dodge: Dodged            |    40 |   118 |   183 |    19 ||   360
